 Dungeon Crawl Stone Soup version 0.17.1-1-g73c8601 (webtiles) character file.

476 Flanowski the Covered (level 6, -2/56 HPs)
             Began as a Minotaur Fighter on Jan 3, 2016.
             Engulfed by a cloud of flame (12 damage)
             ... on level 3 of the Dungeon.
             The game lasted 00:04:25 (2008 turns).

Flanowski the Covered (Minotaur Fighter)            Turns: 2008, Time: 00:04:25

Health: -2/56      AC:  7    Str: 22    XL:     6   Next: 84%
Magic:  5/5        EV:  9    Int:  5    God:
Gold:   158        SH: 11    Dex: 10    Spells: 0 memorised, 5 levels left

rFire  . . .     SeeInvis .     a - +1 war axe
rCold  . . .     Clarity  .     b - +0 scale mail
rNeg   . . .     SustAt   .     c - +1 shield
rPois  .         Gourm    .     (helmet restricted)
rElec  .         Spirit   .     (no cloak)
rCorr  .         Warding  .     (no gloves)
rMut   .         Rnd*Tele +     (no boots)
MR     .....                    (no amulet)
Stlth  ..........               (no ring)
                                d - ring of teleportation

@: very slightly contaminated, not resistant to hostile enchantments, extremely
unstealthy
A: retaliatory headbutt, horns 2
a: Evoke Teleportation


You were on level 3 of the Dungeon.
You were not hungry.

You visited 1 branch of the dungeon, and saw 3 of its levels.

You collected 158 gold pieces.

Inventory:

Hand Weapons
 a - a +1 war axe (weapon)
Armour
 b - a +0 scale mail (worn)
 c - a +1 shield (worn)
Jewellery
 d - a ring of teleportation (left hand)
Wands
 l - a wand of confusion (1)
Scrolls
 f - a scroll of noise
 g - a scroll of enchant armour
 h - a scroll of blinking
 k - a scroll of immolation
 q - 3 scrolls of enchant weapon
Potions
 j - a potion of mutation
 n - a potion of resistance {unknown}
 p - a potion of ambrosia {unknown}
 s - 2 potions of brilliance {unknown}
 t - a potion of heal wounds {unknown}
Comestibles
 e - 2 bread rations
 r - 9 chunks of flesh


   Skills:
 * Level 5.4 Fighting
 + Level 3.8 Axes
 * Level 5.9 Armour
 + Level 2.5 Dodging
 + Level 0.3 Stealth
 + Level 5.3 Shields


You had 5 spell levels left.
You didn't know any spells.

Dungeon Overview and Level Annotations

Branches:
Dungeon (3/15)

Altars:
Ashenzari


Innate Abilities, Weirdness & Mutations

You reflexively headbutt those who attack you in melee.
You have a pair of horns on your head.


Message History

Enchant which weapon? (? for menu, Esc to quit)
Your +0 war axe glows red for a moment.
You block the bat's attack.
Read which item? (? for menu, Esc to quit)
As you read the scroll labeled ILAOTE QOXKUFA, it crumbles to dust.
It is a scroll of identify.
Identify which item? (\ to view known items) (? for menu, Esc to quit)
j - a potion of mutation The bat barely misses you.
The bat barely misses you. You block the bat's attack.
You closely miss the bat. Your headbutt misses the bat.
You block the bat's attack. The bat completely misses you.
The bat hits you but does no damage.
You closely miss the bat. The bat closely misses you. You furiously retaliate!
You headbutt the bat!
The bat explodes!
The fiery explosion engulfs you!
You are engulfed in roaring flames.
* * * LOW HITPOINT WARNING * * *
You are engulfed in roaring flames.
You die...

..##.#,*,,,,*,*#.#
>....#,**,*,*,*#.#
######,**,*,*,*#$#
******,**,*,*,*#.#
,,,,,,,**,*,*,*#.#
*********,*,*,*#.#
,,,,,,,,,,*,*,*#§#
******,,,,,,,,*#§#
*,*,,*,*,*#@#
*,*,,*,*,*#.#
******,*,,,,,,,#.#
,,,,,*,*,**,*,*#(#
****,*,*,,,,*<,#.#
****,*,********#.#
,,,,,*,,,,,,,,,..#
***************#.#
***


There were no monsters in sight!

Vanquished Creatures
  Grinder (D:3)
  Sigmund (D:2)
  Terence (D:2)
  An adder (D:3)
  An ooze (D:2)
  2 worms
  A giant gecko (D:2)
  6 orcs (D:3)
  2 ball pythons (D:2)
  2 giant cockroaches (D:2)
  13 hobgoblins
  5 jackals
  A quokka (D:2)
  10 bats
  4 giant newts
  6 goblins
  7 kobolds
  5 rats
69 creatures vanquished.

Notes
Turn   | Place    | Note
--------------------------------------------------------------
     0 | D:1      | Flanowski the Minotaur Fighter began the quest for the Orb.
     0 | D:1      | Reached XP level 1. HP: 19/19 MP: 0/0
   206 | D:1      | Reached skill level 4 in Fighting
   206 | D:1      | Reached XP level 2. HP: 27/27 MP: 1/1
   672 | D:2      | Noticed Terence
   688 | D:2      | Killed Terence
   688 | D:2      | Reached XP level 3. HP: 28/33 MP: 2/2
  1084 | D:2      | Reached XP level 4. HP: 41/41 MP: 3/3
  1276 | D:2      | Noticed Sigmund
  1317 | D:2      | Killed Sigmund
  1317 | D:2      | Reached skill level 5 in Fighting
  1317 | D:2      | Reached skill level 5 in Armour
  1317 | D:2      | Reached skill level 1 in Dodging
  1317 | D:2      | Reached XP level 5. HP: 9/48 MP: 4/4
  1701 | D:3      | Noticed Grinder
  1704 | D:3      | Paralysed by Grinder for 3 turns
  1714 | D:3      | Paralysed by Grinder for 4 turns
  1720 | D:3      | Killed Grinder
  1720 | D:3      | Reached skill level 5 in Shields
  1720 | D:3      | Reached XP level 6. HP: 44/56 MP: 5/5
  1735 | D:3      | Found a shattered altar of Ashenzari.
  2008 | D:3      | Engulfed by a cloud of flame

Action                   |  1- 3 |  4- 6 || total
-------------------------+-------+-------++-------
Melee: War axe           |   101 |    82 ||   183
  Use: Potion            |       |     1 ||     1
       Scroll            |       |     9 ||     9
  Eat: Chunk             |     1 |     3 ||     4
